 Dungeon Crawl Stone Soup version 0.29-a0-284-gf9362112df (webtiles) character file.

Game seed: 9242940755993676477

144 spaghetti the Sneak (level 5, -3/35 HPs)
             Began as a Demonspawn Earth Elementalist on Mar 21, 2022.
             Was an Initiate of Trog (penitent).
             Slain by a polar bear (15 damage)
             ... created by the rage of Trog
             ... on level 2 of the Dungeon.
             The game lasted 00:05:15 (2326 turns).

spaghetti the Sneak (Demonspawn Earth Elementalist) Turns: 2326, Time: 00:05:15

Health: -3/35      AC:  9    Str:  8    XL:     5   Next: 5%
Magic:  8/8        EV: 11    Int: 18    God:    Trog [......]
Gold:   161        SH:  4    Dex: 14    Spells: 7/8 levels left

rFire   + . .      SeeInvis .     - Unarmed
rCold   . . .      Faith    .   n - +1 buckler {rF+}
rNeg    . . .      Spirit   .   o - +3 leather armour of Jizxuem {+Blink rElec}
rPois   .          Reflect  .   t - +0 hat
rElec   +          Harm     .   h - +2 cloak
rCorr   .          Rampage  .   (no gloves)
Will    .....                   (no boots)
Stlth   ++........              (no amulet)
HPRegen 0.11/turn               (no ring)
MPRegen 0.11/turn               (no ring)

@: about to teleport
A: hooves 1, foul stench 1
a: Renounce Religion, Evoke Blink


You were on level 2 of the Dungeon.
You worshipped Trog.
Trog was demanding penance.
You visited 1 branch of the dungeon, and saw 3 of its levels.

You collected 161 gold pieces.


Innate Abilities, Weirdness & Mutations

You have large cloven feet.
You may rarely emit foul miasma when damaged in melee.


   Skills:
 - Level 1.7 Dodging
 - Level 4.0 Stealth
 * Level 2.8 Unarmed Combat
 - Level 2.0 Spellcasting
 - Level 0.8 Transmutations
 - Level 2.6 Earth Magic


You had 7 spell levels left.
You knew the following spells:

 Your Spells              Type           Power      Damage    Failure   Level
a - Sandblast             Erth           22%        2d7       12%         1

Your spell library contained the following spells:

 Spells                   Type           Power      Damage    Failure   Level
 Passwall                 Tmut/Erth      6%         N/A       26%         2
 Stone Arrow              Conj/Erth      12%        3d7       52%         3
 Petrify                  Tmut/Erth      8%         N/A       86%         4

Inventory:

Hand Weapons
 d - a +0 club {mace}
   (You found it on level 1 of the Dungeon)
 e - a +0 dagger {short}
   (You found it on level 3 of the Dungeon)
 i - a +0 club {mace}
   (You took it off a goblin on level 2 of the Dungeon)
 l - a +0 spear {polearm}
   (You took it off an orc on level 3 of the Dungeon)
 p - a +0 mace {mace}
   (You found it on level 2 of the Dungeon)
 q - a +0 short sword {short}
   (You took it off a kobold on level 2 of the Dungeon)
 r - a +0 club {mace}
   (You took it off an orc on level 3 of the Dungeon)
Missiles
 a - 79 stones (quivered) {throwing}
Armour
 b - a +0 robe
 h - a +2 cloak (worn)
   (You found it on level 1 of the Dungeon)
 j - a +0 plate armour
   (You found it on level 2 of the Dungeon)
 n - a +1 buckler of fire resistance (worn)
   (You found it on level 2 of the Dungeon)
 o - the +3 leather armour of Jizxuem (worn) {+Blink rElec}
   (You found it on level 2 of the Dungeon)

   rElec:     It insulates you from electricity.
   +Blink:    It lets you blink.
 t - a +0 hat (worn)
   (You found it on level 3 of the Dungeon)
Jewellery
 s - a +6 ring of strength
   (You took it off an orc on level 3 of the Dungeon)
Scrolls
 f - a scroll of teleportation {@r4}
 g - a scroll of holy word {!r}
 k - a scroll of fog
Potions
 c - a potion of magic

Dungeon Overview and Level Annotations

Branches:
Dungeon (3/15)

Altars:
Trog

..# ..# ###...# ..##
#########.#...#
#.#.##.............#
#.#...........<#.#.#
#.#.........>....#.#
#.#.##.######......# #.#
#.##@hh'......#
#.####.##h###......#
#.......#h# #......# ###
#.#######.# #####..#####..
#.....###'### ##..P......
#.##........####≈≈P≈≈≈P#..
#.##........'....≈≈♣♣≈P≈##
#.#+........###..♣♣♣♣≈≈.≈#
#.##........+...≈≈♣ ♣≈P.P#


You could see 2 polar bears and 2 black bears.


Message History

The orc seems to speed up.
The goblin hits you with a +0 dagger.
There is a stone staircase leading up, spattered with blood here. 😕 HP[-1]
You take 1 damage, and now have 34/35 hp.
Unknown command.
You hit the goblin.
You hear an angry growl. x3
You block the goblin's attack.
You closely miss the goblin.
You hear an angry growl.
The goblin hits you but does no damage.
The orc throws a stone.
The stone hits you but does no damage.
You hit the goblin.
You kill the goblin!
Trog accepts your kill.
You hear an angry growl.
The orc throws a stone.
The stone misses you.
You hear an angry growl.
The orc hits you with a +0 spear.
You hear an angry growl.
The orc barely misses you. 😕 HP[-3]
You take 3 damage, and now have 31/35 hp.
You barely miss the orc. Your kick misses the orc.
You hear an angry growl. x2
The orc barely misses you.
You hear an angry growl. x2
You closely miss the orc. You kick the orc, but do no damage.
The orc hits you but does no damage.
You hear an angry growl.
The orc hits you but does no damage.
You hear an angry growl.
You barely miss the orc. Your kick misses the orc.
You hear an angry growl.
The orc misses you.
You hear an angry growl.
You closely miss the orc. Your kick misses the orc.
The orc hits you but does no damage. The orc hits you with a +0 spear.
You hear an angry growl. x2 😕 HP[-1]
You take 1 damage, and now have 30/35 hp.
You hit the orc. You kick the orc. The orc hits you but does no damage.
You hear an angry growl. x3 😕 HP[+1]
You barely miss the orc. You kick the orc. You block the orc's attack.
You hear an angry growl. x2
The orc hits you but does no damage.
You hit the orc.
You kill the orc!
Trog accepts your kill.
You hear an angry growl. x2
l - a +0 spear {polearm};
a - 79 stones {throwing} (gained 26)
You now have 161 gold pieces (gained 20).
You hear an angry growl.
There is a stone staircase leading up, spattered with blood here.
You hear an angry growl.
You climb upwards.
There is a stone staircase leading down here.
You enter the shallow water.
Moving in this stuff is going to be slow.
You see here a +0 pair of boots.
There is an open door here.
There is an open door here.
You enter the shallow water.
Moving in this stuff is going to be slow.
There is a stone staircase leading down here. 😎 HP[+4]
Your hp is fully restored (35).
You climb downwards.
There is a stone staircase leading up here.
The polar bear growls angrily.
You hear an angry growl.
The polar bear bites you!
You emit a cloud of foul miasma!
The polar bear closely misses you.
The polar bear claws you but does no damage.
You climb upwards.
There is a stone staircase leading down here. 😕 HP[-6]
You take 6 damage, and now have 29/35 hp.
You open the door.
There is an open door here.
There is a stone staircase leading down here.
You start resting.
Trog sends monsters to punish you. 2 polar bears and 2 black bears come into view. 😕 HP[+2]
You regained 2 hp, and now have 31/35 hp.
As you read the scroll of teleportation {@r4}, it crumbles to dust.
You feel strangely unstable.
It was a potion of curing.
You feel better. The black bear bites you! The black bear barely misses you.
The black bear misses you. 😮 HP[-6]
You take 6 damage, and now have 25/35 hp.
The black bear bites you!
* * * LOW HITPOINT WARNING * * *
The black bear claws you.
* * * LOW HITPOINT WARNING * * *
The black bear claws you but does no damage.
The polar bear bites you!
You die...

Skill      XL: |  1  2  3 |
---------------+----------+-----
Stealth        | 2 3 4 |  4.0
Unarmed Combat | 2 |  2.8
Dodging        | |  1.7
Spellcasting   | |  2.0
Transmutations | |  0.8
Earth Magic    | |  2.6

Action                   |  1- 3 |  4- 6 || total
-------------------------+-------+-------++-------
Melee: Club              |     4 |       ||     4
       Unarmed           |    14 |    62 ||    76
       Kick              |     4 |    17 ||    21
Throw: Stone             |       |    27 ||    27
 Cast: Sandblast         |    51 |     1 ||    52
Invok: Berserk           |     2 |       ||     2
  Use: Scroll            |     4 |     2 ||     6
       Potion            |       |     3 ||     3
 Stab: Sleeping          |       |     1 ||     1
Armor: Robe              |     7 |       ||     7
       Leather armour    |     6 |    28 ||    34
Dodge: Dodged            |    15 |    48 ||    63
Block: Buckler           |       |    15 ||    15

Levels and vault maps discovered:
D:1:      erik_arrival_blinker_ship, layout_rooms, minmay_cut_off
D:2:      layout_basic, chequers_ecumenical_altar_island, serial_bayou_pond_c
D:3:      layout_rooms

Notes
Turn   | Place    | Note
-------+----------+-------------------------------------------
     0 | D:1      | spaghetti the Demonspawn Earth Elementalist began the quest
                  | for the Orb.
     0 | D:1      | Reached XP level 1. HP: 13/13 MP: 3/3
     0 | D:1      | magus.rc [v1.9.6]
    63 | D:1      | Reached skill level 2 in Stealth
   185 | D:1      | Gained mutation: You may rarely emit foul miasma when
                  | damaged in melee. [demonic ancestry]
   185 | D:1      | Reached XP level 2. HP: 19/19 MP: 3/5
   304 | D:1      | Reached skill level 3 in Stealth
   455 | D:1      | You fall into a shaft and drop 1 floor!
   683 | D:1      | You feel monstrous as your demonic heritage exerts itself.
   683 | D:1      | Discovered your monstrous ancestry.
   683 | D:1      | Gained mutation: You have large cloven feet. [demonic
                  | ancestry]
   683 | D:1      | Reached XP level 3. HP: 24/24 MP: 2/6
  1090 | D:2      | Found a faded altar of an unknown god.
  1142 | D:2      | Reached skill level 1 in Unarmed Combat
  1162 | D:2      | Prayed at the altar of an unknown god.
  1162 | D:2      | Became a worshipper of Trog the Wrathful
  1162 | D:2      | Reached * piety under Trog
  1313 | D:2      | Identified the +3 leather armour of Jizxuem {+Blink rElec}
  1607 | D:3      | Noticed a scorpion
  1620 | D:3      | Killed a scorpion
  1621 | D:3      | Reached skill level 4 in Stealth
  1621 | D:3      | Reached skill level 2 in Unarmed Combat
  1621 | D:3      | Reached XP level 4. HP: 30/30 MP: 7/7
  1671 | D:3      | Was placed under penance by Trog
  1883 | D:3      | Reached XP level 5. HP: 33/35 MP: 8/8
  2100 | D:3      | Noticed a polar bear
  2100 | D:3      | Noticed a black bear
  2100 | D:3      | Noticed a polar bear
  2100 | D:3      | Noticed a polar bear
  2100 | D:3      | Noticed a black bear
  2112 | D:3      | Noticed a black bear
  2112 | D:3      | Noticed a black bear
  2112 | D:3      | Noticed a polar bear
  2112 | D:3      | Noticed a polar bear
  2112 | D:3      | Noticed a black bear
  2324 | D:2      | Noticed a polar bear
  2324 | D:2      | Noticed a polar bear
  2324 | D:2      | Noticed a black bear
  2324 | D:2      | Noticed a black bear
  2326 | D:2      | Slain by a polar bear

Vanquished Creatures
  A scorpion (D:3)
  An adder (D:3)
  2 worms (D:2)
  4 dart slugs
  2 orcs (D:3)
  5 ball pythons
  6 endoplasms
  4 goblins
  3 hobgoblins
  3 jackals (D:3)
  3 quokkas
  10 bats
  2 frilled lizards (D:1)
  2 kobolds
  5 rats
53 creatures vanquished.

Vanquished Creatures (others)
  11 plants (D:2)
11 creatures vanquished.

Grand Total: 64 creatures vanquished

Table legend:
 A = Non-vault XP
 B = Vault XP
 C = Vault XP percentage of total XP
 D = Non-vault monster count
 E = Vault monster count
 F = Vault count percentage of total count
                 A         B        C        D         E       F
            +---------+---------+-------+---------+---------+-------
      Total |     198 |       8 |   3.9 |      48 |       5 |   9.4
            +---------+---------+-------+---------+---------+-------
        D:1 |      38 |       8 |  17.4 |      20 |       5 |  20.0
        D:2 |      30 |       0 |   0.0 |      12 |       0 |   0.0
        D:3 |     130 |       0 |   0.0 |      16 |       0 |   0.0
            +---------+---------+-------+---------+---------+-------

Illustrated notes

Table legend:
 A = Kills in this place as a percentage of kills in entire the game.
 B = Kills by you in this place as a percentage of kills by you in the entire game.
 C = Kills by friends in this place as a percentage of kills by friends in the entire game.
 D = Other kills in this place as a percentage of other kills in the entire game.
 E = Experience gained in this place as a percentage of experience gained in the entire game.
 F = Experience gained in this place divided by the number of levels of this place that you have seen.
                   A       B       C       D       E      F
               +-------+-------+-------+-------+-------+----------------------
         Total | 100.0 | 100.0 |   N/A |   N/A | 100.0 |  68.7
       Dungeon | 100.0 | 100.0 |   N/A |   N/A | 100.0 |  68.7
               +-------+-------+-------+-------+-------+----------------------

Table legend: (Time is in decaauts)
 A = Elapsed time spent in this place.
 B = Non-inter-level travel time spent in this place.
 C = Inter-level travel time spent in this place.
 D = Time resting spent in this place.
 E = Time spent auto-exploring this place.
 F = Levels seen in this place.
 G = Mean time per level.
                   A        B        C        D        E       F      G
               +--------+--------+--------+--------+--------+-----+--------+
         Total |   2418 |   2299 |    119 |    318 |   1534 |   3 |  806.0 |
       Dungeon |   2418 |   2299 |    119 |    318 |   1534 |   3 |  806.0 |
               +--------+--------+--------+--------+--------+-----+--------+

Top non-repeatable levels by time:
     D:2: 1004 daAuts
     D:1: 825 daAuts
     D:3: 588 daAuts
